AoeStats
← mixRemix

Black Forest

507338335Analyzed
2v2 RM · 13d ago on Sep 17, 2026· 81m 41s· 4 players
Game mode
Random Map
Map size
Medium (4 player)
Population
200
Speed
Normal
Resources
Standard
Victory
Conquest
Starting age
Dark Age
Ending age
Imperial Age
RankedLock teamsTeams togetherTeam positionsShared explorationLock speedFull tech treeHidden civsTurbo modeCheats
Victory
Defeat
🇸🇰 Persians · Slovakia
915
+14
🇸🇰 Hindustanis · Slovakia
897
+15
🇪🇸 Burgundians · Spain
898
-15
🇨🇴 Franks · Colombia
851
-14
paujou92
0:33 Loom
9:47 Double-Bit Axe
12:37 Wheelbarrow
12:25 Horse Collar
14:41 Feudal Age
16:20 Gold Mining
16:54 Stone Mining
18:21 Gold Shaft Mining
21:07 Castle Age
20:03 Scale Barding Armor
20:46 Forging
22:33 Fletching
34:01 Imperial Age
34:04 Hand Cart
35:07 Iron Casting
35:11 Murder Holes
38:07 Caravan
40:46 Chain Barding Armor
41:52 Arrowslits
42:07 Bodkin Arrow
44:17 Chemistry
44:24 Burgundian Vineyards
44:40 Conscription
44:36 Bow Saw
44:28 Heavy Plow
44:51 Ballistics
49:05 Bracer
50:06 Blast Furnace
49:43 Plate Barding Armor
59:10 Crop Rotation
59:47 Two-Man Saw
59:33 Stone Shaft Mining
60:24 Masonry
67:41 Padded Archer Armor
70:56 Light Cavalry
73:54 Hussar
David19913038
12:40 Feudal Age
13:11 Double-Bit Axe
13:26 Gold Mining
16:03 Stone Mining
21:42 Castle Age
23:03 Bow Saw
23:29 Loom
24:20 Wheelbarrow
27:43 Ballistics
29:28 Fletching
32:14 Gold Shaft Mining
32:05 Town Watch
32:36 Hand Cart
36:46 Imperial Age
34:20 Town Patrol
34:22 Murder Holes
35:36 Bodkin Arrow
35:47 Scale Barding Armor
36:17 Padded Archer Armor
36:28 Forging
36:36 Masonry
35:50 Light Cavalry
36:31 Husbandry
37:24 Chain Barding Armor
37:15 Heavy Scorpion
38:14 Leather Archer Armor
37:24 Cavalier
39:43 Iron Casting
38:56 Paladin
42:27 Conscription
43:39 Chemistry
45:00 Plate Barding Armor
46:26 Blast Furnace
52:32 Chivalry
55:12 Fortified Wall
55:35 Architecture
56:27 Hoardings
56:17 Block Printing
59:42 Illumination
60:02 Theocracy
64:27 Elite Throwing Axeman
66:22 #83
73:08 Scale Mail Armor
mixRemix
2:48 Loom
12:26 Feudal Age
13:16 Double-Bit Axe
13:37 Horse Collar
19:21 Castle Age
18:00 Wheelbarrow
19:28 Castle Age
23:23 Bow Saw
23:24 Heavy Plow
26:47 Husbandry
26:08 Light Cavalry
35:02 Stone Mining
35:03 Gold Mining
35:41 Hand Cart
35:12 Town Watch
37:42 Gold Shaft Mining
37:42 Stone Shaft Mining
40:14 Imperial Age
39:18 Ballistics
42:42 Chemistry
41:48 Siege Engineers
41:52 Thumb Ring
52:29 Caravan
54:23 Conscription
54:05 Grand Trunk Road
54:05 Shatagni
54:45 Scale Barding Armor
54:51 Forging
54:42 Padded Archer Armor
54:33 Fletching
56:18 Bloodlines
55:56 Heavy Camel Rider
66:12 Hussar
66:15 Imperial Camel Rider
73:34 Chain Barding Armor
74:09 Iron Casting
73:29 Bodkin Arrow
73:50 Leather Archer Armor
77:48 Onager
77:50 Siege Elephant
Selis
4:51 Loom
15:06 Feudal Age
16:43 Wheelbarrow
15:53 Town Watch
17:11 Horse Collar
17:18 Double-Bit Axe
22:54 Castle Age
22:49 Scale Mail Armor
22:59 Forging
25:33 Hand Cart
25:38 Chain Mail Armor
26:00 Iron Casting
24:51 Pikeman
25:32 Squires
40:57 Imperial Age
40:59 Halberdier
51:48 Town Patrol
54:31 Blast Furnace
54:02 Plate Mail Armor
56:09 Scale Barding Armor
56:09 Husbandry
61:53 Caravan
62:25 Coinage
62:06 Guilds
65:47 Banking
68:47 Chemistry
69:31 Bow Saw
69:26 Heavy Plow
70:18 Chain Barding Armor
Connection lost

Rejoining the realm…

Still unreachable

The connection could not be restored.

Session expired

The server has moved on; the page needs a fresh start.